| Goals | Penalties |
No Goal
|
Buddy Robinson (WPG) for Delaying the game (Minor) at 0:22
|
No Goal
|
No Penalty
|
1. Silver Knights , Will Cuylle 3 (Zach Benson 15, Kirby Dach 25) at 7:05
2. Silver Knights , Joey Anderson 10 (Lian Bichsel 3, Antti Tuomisto 3) at 19:25 (Empty Net)
|
No Penalty
|
|
Clay Stevenson (CHI), 6 saves from 6 shots - (1,000), W, 21-31-9, 60:00 minutes
Erik Portillo (WPG), 4 saves from 5 shots - (0,800), L, 26-20-13, 59:40 minutes
|
|
1 - Will Cuylle (CHI)
2 - Antti Tuomisto (CHI)
3 - Joey Anderson (CHI)
|
Referees : Kelly Cooke and Marc Joannette
Linesman : Kyle Flemington and Jenni Heikkinen
|
|
Joey Anderson has scored in a empty net!
|
| Team Name |
Goals |
Shots |
Shots Attemp |
Shots Blocked |
PIM |
HIT |
PP |
PK |
FO% |
| Silver Knights |
2 | 6 | 7 | 1 | 0 | 17 | 0 / 1 (0%) | 0 | 44% |
| Moose |
0 | 6 | 8 | 1 | 2 | 16 | 0 / 0 (0% | 0 | 56% |
Silver Knights
| Player Name |
POS |
G |
A |
P |
+/- |
PIM |
HIT |
SHT |
SB |
MP |
PP MP |
PP SHT |
PK MP |
PK SHT |
FO% |
FOT |
GA |
TA |
| Antti Tuomisto | D | 0 | 1 | 1 | 2 | 0 | 2 | 0 | 0 | 20:49 | 0:48 | 0 | 0:00 | 0 | 0% |
2 | 0 | 0 |
| Brandon Biro | LW | 0 | 0 | 0 | 1 | 0 | 0 | 0 | 0 | 15:02 | 0:07 | 0 | 0:00 | 0 | 100% |
1 | 0 | 0 |
| Derrick Pouliot | D | 0 | 0 | 0 | 0 | 0 | 2 | 0 | 0 | 23:59 | 1:11 | 0 | 0:00 | 0 | 0% |
0 | 1 | 0 |
| Drew Helleson | D | 0 | 0 | 0 | 0 | 0 | 0 | 0 | 0 | 5:57 | 0:00 | 0 | 0:00 | 0 | 0% |
0 | 0 | 0 |
| Egor Sokolov | LW | 0 | 0 | 0 | 0 | 0 | 0 | 0 | 0 | 2:32 | 0:00 | 0 | 0:00 | 0 | 0% |
0 | 0 | 0 |
| Jesse Ylönen | C/LW/RW | 0 | 0 | 0 | 1 | 0 | 3 | 2 | 0 | 19:06 | 0:17 | 0 | 0:00 | 0 | 33% |
3 | 0 | 0 |
| Joey Anderson | RW | 1 | 0 | 1 | 1 | 0 | 0 | 1 | 0 | 20:47 | 1:00 | 0 | 0:00 | 0 | 0% |
0 | 0 | 0 |
| Justin Brazeau | RW | 0 | 0 | 0 | 0 | 0 | 1 | 0 | 0 | 12:56 | 0:14 | 0 | 0:00 | 0 | 0% |
0 | 1 | 0 |
| Kirby Dach | C/RW | 0 | 1 | 1 | 1 | 0 | 1 | 1 | 0 | 21:07 | 1:00 | 0 | 0:00 | 0 | 57% |
7 | 0 | 3 |
| Lian Bichsel | D | 0 | 1 | 1 | 1 | 0 | 0 | 0 | 0 | 16:21 | 0:48 | 0 | 0:00 | 0 | 0% |
0 | 0 | 0 |
| Lucas Carlsson | D | 0 | 0 | 0 | 0 | 0 | 1 | 0 | 0 | 19:04 | 0:00 | 0 | 0:00 | 0 | 0% |
0 | 0 | 0 |
| Mitchell Chaffee | RW | 0 | 0 | 0 | 0 | 0 | 0 | 0 | 0 | 3:31 | 0:00 | 0 | 0:00 | 0 | 0% |
0 | 0 | 0 |
| Rafaël Harvey-Pinard | LW | 0 | 0 | 0 | 0 | 0 | 2 | 0 | 1 | 18:52 | 0:31 | 0 | 0:00 | 0 | 0% |
1 | 0 | 0 |
| Reese Johnson | C/RW | 0 | 0 | 0 | 0 | 0 | 1 | 0 | 0 | 19:23 | 0:56 | 0 | 0:00 | 0 | 0% |
0 | 0 | 0 |
| Roland McKeown | D | 0 | 0 | 0 | 1 | 0 | 1 | 0 | 0 | 23:00 | 1:11 | 0 | 0:00 | 0 | 0% |
0 | 0 | 1 |
| Will Cuylle | LW | 1 | 0 | 1 | 1 | 0 | 2 | 2 | 0 | 18:33 | 0:52 | 0 | 0:00 | 0 | 50% |
2 | 0 | 0 |
| Wyatt Newpower | D | 0 | 0 | 0 | 0 | 0 | 1 | 0 | 0 | 18:28 | 0:00 | 0 | 0:00 | 0 | 0% |
0 | 0 | 0 |
| Zach Benson | LW | 0 | 1 | 1 | 1 | 0 | 0 | 0 | 0 | 20:33 | 1:00 | 0 | 0:00 | 0 | 0% |
0 | 0 | 0 |
Moose
| Player Name |
POS |
G |
A |
P |
+/- |
PIM |
HIT |
SHT |
SB |
MP |
PP MP |
PP SHT |
PK MP |
PK SHT |
FO% |
FOT |
GA |
TA |
| Aarne Talvitie | C | 0 | 0 | 0 | 0 | 0 | 1 | 0 | 0 | 17:50 | 0:00 | 0 | 0:41 | 0 | 0% |
1 | 0 | 0 |
| Aidan McDonough | LW | 0 | 0 | 0 | 0 | 0 | 2 | 0 | 0 | 17:23 | 0:00 | 0 | 0:00 | 0 | 0% |
0 | 0 | 0 |
| Akito Hirose | D | 0 | 0 | 0 | 0 | 0 | 1 | 0 | 0 | 9:25 | 0:00 | 0 | 0:00 | 0 | 0% |
0 | 0 | 0 |
| Ben Gleason | D | 0 | 0 | 0 | -1 | 0 | 0 | 0 | 0 | 18:43 | 0:00 | 0 | 0:45 | 0 | 0% |
0 | 0 | 0 |
| Buddy Robinson | RW | 0 | 0 | 0 | -1 | 2 | 1 | 1 | 0 | 19:45 | 0:00 | 0 | 0:00 | 0 | 0% |
0 | 2 | 0 |
| Connor Mackey | D | 0 | 0 | 0 | -1 | 0 | 0 | 1 | 0 | 14:10 | 0:00 | 0 | 0:00 | 0 | 0% |
0 | 0 | 0 |
| Darien Kielb | D | 0 | 0 | 0 | 0 | 0 | 1 | 0 | 0 | 9:51 | 0:00 | 0 | 0:00 | 0 | 0% |
0 | 0 | 0 |
| Jackson Blake | RW | 0 | 0 | 0 | 0 | 0 | 2 | 0 | 0 | 13:34 | 0:00 | 0 | 0:00 | 0 | 0% |
0 | 0 | 0 |
| Jimmy Schuldt | D | 0 | 0 | 0 | 0 | 0 | 1 | 0 | 0 | 20:34 | 0:00 | 0 | 1:14 | 0 | 0% |
0 | 0 | 0 |
| Josh Dunne | C | 0 | 0 | 0 | 0 | 0 | 0 | 0 | 0 | 9:39 | 0:00 | 0 | 0:00 | 0 | 100% |
1 | 0 | 1 |
| Josiah Slavin | LW | 0 | 0 | 0 | -1 | 0 | 2 | 0 | 0 | 18:07 | 0:00 | 0 | 0:34 | 0 | 100% |
1 | 0 | 0 |
| Justin Dowling | C/LW | 0 | 0 | 0 | -1 | 0 | 1 | 0 | 0 | 20:38 | 0:00 | 0 | 0:56 | 0 | 56% |
9 | 0 | 1 |
| Linus Weissbach | LW/RW | 0 | 0 | 0 | -1 | 0 | 2 | 1 | 0 | 19:24 | 0:00 | 0 | 0:51 | 0 | 0% |
0 | 0 | 0 |
| Matt Kiersted | D | 0 | 0 | 0 | -1 | 0 | 0 | 0 | 0 | 14:32 | 0:00 | 0 | 0:00 | 0 | 0% |
0 | 0 | 0 |
| Max Comtois | LW | 0 | 0 | 0 | -1 | 0 | 2 | 2 | 0 | 20:40 | 0:00 | 0 | 0:56 | 0 | 33% |
3 | 1 | 0 |
| Philippe Myers | D | 0 | 0 | 0 | -1 | 0 | 0 | 0 | 0 | 16:27 | 0:00 | 0 | 0:45 | 0 | 0% |
0 | 0 | 0 |
| Sammy Walker | LW/RW | 0 | 0 | 0 | -1 | 0 | 0 | 0 | 0 | 17:23 | 0:00 | 0 | 0:00 | 0 | 100% |
1 | 0 | 0 |
| Simon Nemec | D | 0 | 0 | 0 | 0 | 0 | 0 | 1 | 1 | 19:55 | 0:00 | 0 | 1:14 | 0 | 0% |
0 | 1 | 0 |
Silver Knights
| 5 vs 5 Forward |
|---|
| Line # | Left Wing | Center | Right Wing | PHY | DF | OF | Wanted % | Time % | Time Play |
| 1 | Zach Benson | Kirby Dach | Joey Anderson | 1 | 2 | 2 | 40 | 31% | 17:40
|
| 2 | Will Cuylle | Reese Johnson | Kirby Dach | 1 | 2 | 2 | 30 | 30% | 17:04
|
| 3 | Rafaël Harvey-Pinard | Jesse Ylönen | Reese Johnson | 1 | 2 | 2 | 20 | 23% | 13:08
|
| 4 | Brandon Biro | Kirby Dach | Jesse Ylönen | 1 | 2 | 2 | 10 | 17% | 9:32
|
| 5 vs 5 Defense |
|---|
| Line # | Defense | Defense | | PHY | DF | OF | Wanted % | Time % | Time Play |
| 1 | Roland McKeown | Derrick Pouliot | | 1 | 2 | 2 | 40 | 28% | 15:55
|
| 2 | Roland McKeown | Derrick Pouliot | | 1 | 2 | 2 | 30 | 25% | 14:23
|
| 3 | Lucas Carlsson | Antti Tuomisto | | 1 | 2 | 2 | 20 | 29% | 16:26
|
| 4 | Wyatt Newpower | Derrick Pouliot | | 1 | 2 | 2 | 10 | 19% | 10:40
|
| Power Play Forward |
|---|
| Line # | Left Wing | Center | Right Wing | PHY | DF | OF | Wanted % | Time % | Time Play |
| 1 | Zach Benson | Kirby Dach | Joey Anderson | 1 | 2 | 2 | 60 | 56% | 1:07
|
| 2 | Will Cuylle | Reese Johnson | Kirby Dach | 1 | 2 | 2 | 40 | 44% | 0:52
|
| Power Play Defense |
|---|
| Line # | Defense | Defense | | PHY | DF | OF | Wanted % | Time % | Time Play |
| 1 | Roland McKeown | Derrick Pouliot | | 1 | 2 | 2 | 60 | 64% | 1:16
|
| 2 | Roland McKeown | Derrick Pouliot | | 1 | 2 | 2 | 40 | 36% | 0:43
|
| Penalty Kill 4 Players Forward |
|---|
| Line # | Center | Wing | PHY | DF | OF | Wanted % | Time % | Time Play |
| 1 | Kirby Dach | Zach Benson | 1 | 2 | 2 | 60 | 0% | 0:00
|
| 2 | Reese Johnson | Will Cuylle | 1 | 2 | 2 | 40 | 0% | 0:00
|
| Penalty Kill 4 Players Defense |
|---|
| Line # | Defense | Defense | PHY | DF | OF | Wanted % | Time % | Time Play |
| 1 | Roland McKeown | Derrick Pouliot | 1 | 2 | 2 | 60 | 0% | 0:00
|
| 2 | Roland McKeown | Derrick Pouliot | 1 | 2 | 2 | 40 | 0% | 0:00
|
| Penalty Kill 3 Players |
|---|
| Line # | Wing | PHY | DF | OF | Wanted % | Time % | Time Play | Defense | Defense | PHY | DF | OF | Wanted % | Time % | Time Play |
| 1 | Kirby Dach | 1 | 2 | 2 | 60 | 0% | 0:00
| Roland McKeown | Derrick Pouliot | 1 | 2 | 2 | 60 | 0% | 0:00
|
| 2 | Reese Johnson | 1 | 2 | 2 | 40 | 0% | 0:00
| Roland McKeown | Derrick Pouliot | 1 | 2 | 2 | 40 | 0% | 0:00
|
| 4 vs 4 Forward |
|---|
| Line # | Center | Wing | PHY | DF | OF | Wanted % | Time % | Time Play |
| 1 | Kirby Dach | Zach Benson | 1 | 2 | 2 | 60 | 0% | 0:00
|
| 2 | Reese Johnson | Will Cuylle | 1 | 2 | 2 | 40 | 0% | 0:00
|
| 4 vs 4 Defense |
|---|
| Line # | Defense | | PHY | DF | OF | Wanted % | Time % | Time Play |
| 1 | Roland McKeown | Derrick Pouliot | 1 | 2 | 2 | 60 | 0% | 0:00
|
| 2 | Roland McKeown | Derrick Pouliot | 1 | 2 | 2 | 40 | 0% | 0:00
|
| Last Minutes Offensive |
|---|
| Left Wing | Center | Right Wing | Defense | Defense |
| Zach Benson | Kirby Dach | Joey Anderson | Roland McKeown | Derrick Pouliot |
| Last Minutes Defensive |
|---|
| Left Wing | Center | Right Wing | Defense | Defense |
| Zach Benson | Kirby Dach | Joey Anderson | Roland McKeown | Derrick Pouliot |
| Time |
|---|
| Total Forward | Total Defense | Last Minutes Offensive | Last Minutes Defensive |
| 60:00 |
60:00 |
0:00 | 0:37 |
| Extra Forwards |
|---|
| Normal | PowerPlay | Penalty Kill |
|
Will Cuylle, Rafaël Harvey-Pinard, Jesse Ylönen | Will Cuylle, Rafaël Harvey-Pinard | Will Cuylle |
| Extra Defensemen |
|---|
| Normal | PowerPlay | Penalty Kill |
|
Derrick Pouliot, Antti Tuomisto, Wyatt Newpower | Derrick Pouliot, Roland McKeown | Antti Tuomisto |
| Penalty Shots |
|---|
|
Joey Anderson, Kirby Dach, Reese Johnson, Zach Benson, Will Cuylle |
| Goalie |
|---|
| Clay Stevenson, Remi Poirier |
| Scratches |
|---|
|
Amadeus Lombardi (Healthy), David Reinbacher (Healthy), Frederic Brunet (Healthy), Jack Matier (Healthy), Jalen Luypen (Healthy)
Justin Hryckowian (Healthy), Tristan Allard (Healthy), Zach Metsa (Healthy), Akil Thomas (Healthy), Mason Morelli (Healthy)
Ryan Suzuki (Healthy), Scott Reedy (Healthy), Mike Hardman (Healthy), Owen Sillinger (Healthy), Emil Andrae (Healthy)
Lucas Condotta (Healthy), Marshall Rifai (Healthy), Max Crozier (Healthy), Ruslan Iskhakov (Healthy), Santtu Kinnunen (Healthy)
William Villeneuve (Healthy), Evan Cormier (Healthy), David Tendeck (Healthy), Gage Alexander (Healthy), Jaxson Stauber (Healthy)
Joe Vrbetic (Healthy), Leevi Merilainen (Healthy), Oskari Salminen (Healthy) |
Moose
| 5 vs 5 Forward |
|---|
| Line # | Left Wing | Center | Right Wing | PHY | DF | OF | Wanted % | Time % | Time Play |
| 1 | Max Comtois | Justin Dowling | Buddy Robinson | 1 | 2 | 2 | 40 | 28% | 15:50
|
| 2 | Linus Weissbach | Max Comtois | Sammy Walker | 1 | 2 | 2 | 30 | 31% | 17:41
|
| 3 | Aidan McDonough | Justin Dowling | Buddy Robinson | 1 | 2 | 2 | 20 | 23% | 13:02
|
| 4 | Josiah Slavin | Aarne Talvitie | Linus Weissbach | 1 | 2 | 2 | 10 | 19% | 10:52
|
| 5 vs 5 Defense |
|---|
| Line # | Defense | Defense | | PHY | DF | OF | Wanted % | Time % | Time Play |
| 1 | Simon Nemec | Jimmy Schuldt | | 1 | 2 | 2 | 40 | 33% | 18:41
|
| 2 | Philippe Myers | Ben Gleason | | 1 | 2 | 2 | 30 | 27% | 15:13
|
| 3 | Connor Mackey | Matt Kiersted | | 1 | 2 | 2 | 20 | 25% | 14:06
|
| 4 | Darien Kielb | Akito Hirose | | 1 | 2 | 2 | 10 | 16% | 9:25
|
| Power Play Forward |
|---|
| Line # | Left Wing | Center | Right Wing | PHY | DF | OF | Wanted % | Time % | Time Play |
| 1 | Max Comtois | Justin Dowling | Buddy Robinson | 1 | 2 | 2 | 60 | 0% | 0:00
|
| 2 | Linus Weissbach | Justin Dowling | Sammy Walker | 1 | 2 | 2 | 40 | 0% | 0:00
|
| Power Play Defense |
|---|
| Line # | Defense | Defense | | PHY | DF | OF | Wanted % | Time % | Time Play |
| 1 | Simon Nemec | Jimmy Schuldt | | 1 | 2 | 2 | 60 | 0% | 0:00
|
| 2 | Philippe Myers | Ben Gleason | | 1 | 2 | 2 | 40 | 0% | 0:00
|
| Penalty Kill 4 Players Forward |
|---|
| Line # | Center | Wing | PHY | DF | OF | Wanted % | Time % | Time Play |
| 1 | Justin Dowling | Max Comtois | 1 | 2 | 2 | 60 | 57% | 1:08
|
| 2 | Max Comtois | Linus Weissbach | 1 | 2 | 2 | 40 | 43% | 0:51
|
| Penalty Kill 4 Players Defense |
|---|
| Line # | Defense | Defense | PHY | DF | OF | Wanted % | Time % | Time Play |
| 1 | Simon Nemec | Jimmy Schuldt | 1 | 2 | 2 | 60 | 62% | 1:14
|
| 2 | Philippe Myers | Ben Gleason | 1 | 2 | 2 | 40 | 38% | 0:45
|
| Penalty Kill 3 Players |
|---|
| Line # | Wing | PHY | DF | OF | Wanted % | Time % | Time Play | Defense | Defense | PHY | DF | OF | Wanted % | Time % | Time Play |
| 1 | Justin Dowling | 1 | 2 | 2 | 60 | 0% | 0:00
| Simon Nemec | Jimmy Schuldt | 1 | 2 | 2 | 60 | 0% | 0:00
|
| 2 | Max Comtois | 1 | 2 | 2 | 40 | 0% | 0:00
| Philippe Myers | Ben Gleason | 1 | 2 | 2 | 40 | 0% | 0:00
|
| 4 vs 4 Forward |
|---|
| Line # | Center | Wing | PHY | DF | OF | Wanted % | Time % | Time Play |
| 1 | Justin Dowling | Max Comtois | 1 | 2 | 2 | 60 | 0% | 0:00
|
| 2 | Justin Dowling | Linus Weissbach | 1 | 2 | 2 | 40 | 0% | 0:00
|
| 4 vs 4 Defense |
|---|
| Line # | Defense | | PHY | DF | OF | Wanted % | Time % | Time Play |
| 1 | Simon Nemec | Jimmy Schuldt | 1 | 2 | 2 | 60 | 0% | 0:00
|
| 2 | Philippe Myers | Ben Gleason | 1 | 2 | 2 | 40 | 0% | 0:00
|
| Last Minutes Offensive |
|---|
| Left Wing | Center | Right Wing | Defense | Defense |
| Max Comtois | Justin Dowling | Buddy Robinson | Simon Nemec | Jimmy Schuldt |
| Last Minutes Defensive |
|---|
| Left Wing | Center | Right Wing | Defense | Defense |
| Max Comtois | Justin Dowling | Buddy Robinson | Simon Nemec | Jimmy Schuldt |
| Time |
|---|
| Total Forward | Total Defense | Last Minutes Offensive | Last Minutes Defensive |
| 60:00 |
60:00 |
0:36 | 0:00 |
| Extra Forwards |
|---|
| Normal | PowerPlay | Penalty Kill |
|
Max Comtois, Linus Weissbach, Aidan McDonough | Justin Dowling, Linus Weissbach | Justin Dowling |
| Extra Defensemen |
|---|
| Normal | PowerPlay | Penalty Kill |
|
Matt Kiersted, Darien Kielb, Akito Hirose | Matt Kiersted, Matt Kiersted | Darien Kielb |
| Penalty Shots |
|---|
|
Max Comtois, Buddy Robinson, Justin Dowling, Sammy Walker, Linus Weissbach |
| Goalie |
|---|
| Erik Portillo, Adam Scheel |
| Scratches |
|---|
|
Evan Nause (Healthy), Evan Vierling (Healthy), Gavin Brindley (Lacerated Right Calf Injury), Matthew Seminoff (Healthy), Kole Sherwood (Healthy)
Ryan McGregor (Healthy), Tyler Angle (Healthy), Will Reilly (Healthy), Devin Cooley (Healthy), Eetu Makiniemi (Healthy) |
Play-by-Play
1st period
0:01 of 1st period - Kirby Dach wins face-off versus Max Comtois in neutral zone.
0:22 of 1st period - Minor Penalty to Buddy Robinson for Delaying the game.
0:23 of 1st period - Justin Dowling wins face-off versus Kirby Dach in Moose zone.
2:22 of 1st period - Penalty to Buddy Robinson is over, Buddy Robinson is back on ice.
2:29 of 1st period - Connor Mackey is hit by Jesse Ylönen and loses puck.
3:25 of 1st period - Josiah Slavin is hit by Derrick Pouliot.
3:48 of 1st period - Icing by Buddy Robinson.
3:49 of 1st period - Josh Dunne wins face-off versus Jesse Ylönen in Moose zone.
6:18 of 1st period - Max Comtois is hit by Antti Tuomisto.
9:41 of 1st period - Icing by Will Cuylle.
9:42 of 1st period - Kirby Dach wins face-off versus Aarne Talvitie in Silver Knights zone.
9:42 of 1st period - Kirby Dach is hit by Aarne Talvitie.
10:48 of 1st period - Josiah Slavin is hit by Jesse Ylönen and loses puck.
11:41 of 1st period - Joey Anderson is hit by Linus Weissbach and loses puck.
12:16 of 1st period - Sammy Walker is hit by Will Cuylle.
13:29 of 1st period - Justin Dowling is hit by Rafaël Harvey-Pinard and loses puck.
15:58 of 1st period - Josiah Slavin is hit by Jesse Ylönen and loses puck.
16:57 of 1st period - Brandon Biro is hit by Justin Dowling and loses puck.
18:53 of 1st period - Icing by Zach Benson.
18:54 of 1st period - Jesse Ylönen wins face-off versus Justin Dowling in Silver Knights zone.
18:54 of 1st period - Jesse Ylönen is hit by Jackson Blake.
Goals for this period are 0 for Silver Knights vs 0 for Moose.
Shots for this period are 0 for Silver Knights vs 0 for Moose.
2nd period
0:01 of 2nd period - Kirby Dach wins face-off versus Justin Dowling in neutral zone.
0:38 of 2nd period - Wrist shot by Jesse Ylönen.
0:38 of 2nd period - Stopped by Erik Portillo with a rebound.
0:40 of 2nd period - Snap shot by Roland McKeown.
0:40 of 2nd period - Shot Blocked by Simon Nemec.
0:42 of 2nd period - Slapshot by Derrick Pouliot.
0:42 of 2nd period - Deflect By Jesse Ylönen.
0:42 of 2nd period - Stopped by Erik Portillo without a rebound.
0:43 of 2nd period - Kirby Dach wins face-off versus Justin Dowling in Moose zone.
0:50 of 2nd period - Slapshot by Kirby Dach.
0:50 of 2nd period - Stopped by Erik Portillo with a rebound.
1:08 of 2nd period - Jesse Ylönen is hit by Josiah Slavin and loses puck.
1:29 of 2nd period - Snap shot by Linus Weissbach.
1:29 of 2nd period - Stopped by Clay Stevenson with a rebound.
2:15 of 2nd period - Snap shot by Josiah Slavin.
2:15 of 2nd period - Shot Misses the Net.
2:39 of 2nd period - Max Comtois is hit by Kirby Dach and loses puck.
4:36 of 2nd period - Ben Gleason is hit by Reese Johnson and loses puck.
5:25 of 2nd period - Matt Kiersted is hit by Rafaël Harvey-Pinard and loses puck.
7:52 of 2nd period - Joey Anderson is hit by Max Comtois.
12:39 of 2nd period - Wyatt Newpower is hit by Jimmy Schuldt and loses puck.
16:06 of 2nd period - Jesse Ylönen is hit by Jackson Blake and loses puck.
17:36 of 2nd period - Justin Brazeau is hit by Josiah Slavin and loses puck.
Goals for this period are 0 for Silver Knights vs 0 for Moose.
Shots for this period are 3 for Silver Knights vs 1 for Moose.
3rd period
0:01 of 3rd period - Justin Dowling wins face-off versus Kirby Dach in neutral zone.
0:11 of 3rd period - Slapshot by Buddy Robinson.
0:11 of 3rd period - Stopped by Clay Stevenson with a rebound.
0:13 of 3rd period - Backhand shot by Simon Nemec.
0:13 of 3rd period - Stopped by Clay Stevenson with a rebound.
0:51 of 3rd period - Kirby Dach is hit by Aidan McDonough and loses puck.
1:10 of 3rd period - Sammy Walker is hit by Lucas Carlsson and loses puck.
2:14 of 3rd period - Connor Mackey is hit by Antti Tuomisto and loses puck.
2:25 of 3rd period - Brandon Biro is hit by Akito Hirose and loses puck.
2:44 of 3rd period - Antti Tuomisto is hit by Buddy Robinson and loses puck.
3:27 of 3rd period - Icing by Philippe Myers.
3:28 of 3rd period - Justin Dowling wins face-off versus Rafaël Harvey-Pinard in Moose zone.
5:28 of 3rd period - Darien Kielb is hit by Justin Brazeau and loses puck.
6:39 of 3rd period - Icing by Roland McKeown.
6:40 of 3rd period - Josiah Slavin wins face-off versus Jesse Ylönen in Silver Knights zone.
6:41 of 3rd period - Slapshot by Jackson Blake.
6:41 of 3rd period - Shot Blocked by Rafaël Harvey-Pinard.
6:43 of 3rd period - Slapshot by Connor Mackey.
6:43 of 3rd period - Deflect By Antti Tuomisto.
6:43 of 3rd period - Stopped by Clay Stevenson with a rebound.
7:05 of 3rd period - Slapshot by Will Cuylle.
7:05 of 3rd period - Goal by Will Cuylle - Silver Knights : 1 - Moose : 0.
7:06 of 3rd period - Justin Dowling wins face-off versus Kirby Dach in neutral zone.
7:19 of 3rd period - Snap shot by Max Comtois.
7:19 of 3rd period - Stopped by Clay Stevenson with a rebound.
7:21 of 3rd period - Snap shot by Max Comtois.
7:21 of 3rd period - Stopped by Clay Stevenson with a rebound.
8:00 of 3rd period - Simon Nemec is hit by Roland McKeown and loses puck.
8:29 of 3rd period - Ben Gleason is hit by Derrick Pouliot and loses puck.
8:36 of 3rd period - Joey Anderson is hit by Aidan McDonough and loses puck.
9:19 of 3rd period - Lucas Carlsson is hit by Darien Kielb.
9:35 of 3rd period - Justin Dowling is hit by Will Cuylle and loses puck.
10:13 of 3rd period - Zach Benson is hit by Linus Weissbach.
13:44 of 3rd period - Icing by Lucas Carlsson.
13:45 of 3rd period - Brandon Biro wins face-off versus Max Comtois in Silver Knights zone.
13:45 of 3rd period - Brandon Biro is hit by Max Comtois.
15:48 of 3rd period - Icing by Roland McKeown.
15:49 of 3rd period - Sammy Walker wins face-off versus Antti Tuomisto in Silver Knights zone.
17:39 of 3rd period - Simon Nemec is hit by Wyatt Newpower and loses puck.
18:01 of 3rd period - Icing by Buddy Robinson.
18:02 of 3rd period - Max Comtois wins face-off versus Antti Tuomisto in Moose zone.
19:05 of 3rd period - Moose, Erik Portillo is pulled from the net.
19:25 of 3rd period - Wrist shot by Joey Anderson.
19:25 of 3rd period - Goal by Joey Anderson - Silver Knights : 2 - Moose : 0.
19:25 of 3rd period - Erik Portillo from Moose was sent back in the game.
19:26 of 3rd period - Will Cuylle wins face-off versus Justin Dowling in neutral zone.
19:51 of 3rd period - Slapshot by Will Cuylle.
19:51 of 3rd period - Stopped by Erik Portillo without a rebound.
19:52 of 3rd period - Justin Dowling wins face-off versus Will Cuylle in Moose zone.
Goals for this period are 2 for Silver Knights vs 0 for Moose.
Shots for this period are 3 for Silver Knights vs 5 for Moose.